 Dungeon Crawl Stone Soup version 0.31.0-12-g77e489cdc1 (webtiles) character file.

Game seed: 2609603942919936058

100 Jekkad the Ruffian (level 4, -1/23 HPs)
             Began as a Draconian Shapeshifter on Mar 4, 2024.
             Killed by nerve-wracking pain
             ... invoked by Grinder
              (10 damage)
             ... on level 4 of the Dungeon.
             The game lasted 00:03:59 (1382 turns).

Jekkad the Ruffian (Draconian Shapeshifter)         Turns: 1382, Time: 00:04:01

Health: -1/23      AC:  5    Str: 17    XL:     4   Next: 47%
Magic:  4/4        EV: 16    Int: 12    God:
Gold:   82         SH:  0    Dex: 10    Spells: 3/3 levels left

rFire   . .          .
                       - Unarmed
rCold   . . .        (shield currently unavailable)
rNeg    . . .        (body armour unavailable)
rPois   .            (helmet restricted)
rElec   .            (no cloak)
rCorr   .            (no gloves)
SInv    .            (no boots)
Will    .....        i - amulet of regeneration
Stlth   +            (no ring)
HPRegen 1.03/turn    (no ring)
MPRegen 0.09/turn

%: no passive effects
@: flux-form, glowing
A: glow, contaminating, reduced hp, AC +5, unfitting armour, cold-blooded
a: Begin Untransformation


You were on level 4 of the Dungeon.
You were something dangerously unstable.
You visited 1 branch of the dungeon, and saw 4 of its levels.

You collected 82 gold pieces.

Inventory:

Missiles
 f - 3 atropa-tipped darts (quivered)
Jewellery
 g - an amulet of the acrobat
 i - an amulet of regeneration (around neck)
Talismans
 b - a beast talisman
 c - a flux talisman (active)
Scrolls
 d - 2 scrolls of poison
 h - a scroll of vulnerability
 m - a scroll of revelation {unknown}
Potions
 a - a potion of resistance {unknown}
 e - 2 potions of curing {unknown}
 j - a potion of lignification
 k - a potion of ambrosia {unknown}
 l - a potion of haste {unknown}


   Skills:
 * Level 1.3 Fighting
 * Level 0.8 Throwing
 * Level 2.3 Dodging
 * Level 0.5 Stealth
 * Level 4.0 Unarmed Combat
 * Level 3.6 Shapeshifting


You had 3 spell levels left.
You didn't know any spells.
Your spell library was empty.

Dungeon Overview and Level Annotations

Branches:
Dungeon (4/15)
 Temple: D:4-7

Altars:
Okawaru

Annotations:
D:4 Grinder


Innate Abilities, Weirdness & Mutations

You are something dangerously unstable.
You glow with magical radiation, making you easy to see and hit.
Foes you strike become dangerously contaminated with magical radiation.
Your maximum health is decreased, since you lack skill for your form.
You are incapable of wielding weapons or throwing items.
Your plain brown scales are hard. (AC +5)
You cannot fit into any form of body armour.
You are cold-blooded and may be slowed by cold attacks.


Message History

You hit the hound but do no damage.
The hound glows dangerously bright.
Your tail-slap misses the hound.
The hound is almost dead.
The hound closely misses you.
You hit the hound.
You kill the hound!
Your Unarmed Combat skill increases to level 4!
The hobgoblin barely misses you.
You see here a hound corpse.
You hit the hobgoblin but do no damage.
The hobgoblin begins to glow.
The hobgoblin barely misses you.
You hit the hobgoblin.
The hobgoblin glows dangerously bright.
The hobgoblin is moderately wounded.
The hobgoblin misses you.
You hit the hobgoblin but do no damage.
The hobgoblin shudders as magic cascades through it!
You kill the hobgoblin!
Grinder comes into view.
Grinder shouts!
You hear an angry hiss.
Grinder says, "Tell me all your secrets, or I'll kill you."
Found a stone staircase leading down.
Grinder gestures at you. Pain shoots through your body!
A ball python comes into view.
The ball python hisses angrily.
You hit Grinder.
Grinder begins to glow.
You tail-slap Grinder, but do no damage.
Grinder is lightly wounded.
Grinder hits you.
You writhe in agony.
You hit Grinder.
Grinder glows dangerously bright.
Grinder is lightly wounded.
Grinder hits you!
You writhe in agony.
The ball python closely misses you. x2
You hit Grinder.
Grinder shudders as magic cascades through her!
Grinder twists and deforms.
Grinder is heavily wounded.
Grinder gestures at you. Pain shoots through your body!
You die...
Grinder sighs, "Dead already?
I want a refund."

+..... .......## ...##
#..... ........#......
#..... #.......#.>....
+..... #.......#......
#.....
#.....$.#....######.....
#.).............##.....
#....S...# #.######.
#.p5...# #.## #.
#......# ##..######
###.#......###.........
#...........##.##.#####
....#........†..##.# #
... ##......###.##.# #
.....)..........##.# # .
.).).#...####.##.# #
#.._..##..# #.##.# #


You could see Grinder (misshapen) and a ball python.

Vanquished Creatures
  A hound (D:4)
  2 adders (D:3)
  2 ribbon worms (D:2)
  A dart slug (D:3)
  3 orcs (D:3)
  2 endoplasms
  A giant cockroach (D:4)
  4 goblins
  5 hobgoblins
  4 jackals
  4 ball pythons
  3 bats
  4 frilled lizards
  3 kobolds
  2 rats (D:3)
41 creatures vanquished.

Notes
Turn   | Place    | Note
-------+----------+-------------------------------------------
     0 | D:1      | Jekkad the Draconian Shapeshifter began the quest for the
                  | Orb.
     0 | D:1      | Reached XP level 1. HP: 16/16 MP: 1/1
   219 | D:1      | Reached XP level 2. HP: 14/23 MP: 2/2
   793 | D:2      | Reached XP level 3. HP: 17/28 MP: 3/3
  1234 | D:3      | Reached XP level 4. HP: 22/35 MP: 4/4
  1351 | D:4      | Found an iron altar of Okawaru.
  1366 | D:4      | Reached skill level 4 in Unarmed Combat
  1374 | D:4      | Noticed Grinder
  1382 | D:4      | Killed from afar by Grinder

Illustrated notes

Levels and vault maps discovered:
D:1:      saegor_arrival_simple_b, layout_loops_ring
D:2:      layout_loops_ring
D:3:      layout_loops_ring, dreamdust_ecumenical_altar_hidden_monk_grotto,
          minivault_25, hangedman_abyss_or_decor_lesser_grid
D:4:      layout_basic, okawaru_ov_weapons_minmay, mainiacjoe_overflow_alcove_1,
          minmay_temple_entry_mist, nicolae_shop_distant_corner_stores,
          uniq_grinder

Skill      XL: |  1  2  3  4 |
---------------+-------------+-----
Dodging        | 2 |  2.3
Unarmed Combat | 4 |  4.0
Fighting       | |  1.3
Throwing       | |  0.8
Stealth        | |  0.5
Shapeshifting  | |  3.6

Action                     |  1- 3 |  4- 6 || total
---------------------------+-------+-------++-------
  Melee: Unarmed           |   133 |    18 ||   151
         Tailslap          |    14 |     1 ||    15
  Throw: Dart              |     2 |       ||     2
    Use: Scroll            |     3 |       ||     3
         Potion            |     1 |       ||     1
 Armour: Skin              |    52 |     9 ||    61
  Dodge: Dodged            |    97 |    15 ||   112
   Form: Flux              |     2 |       ||     2
         Beast             |     1 |       ||     1
